 Dungeon Crawl Stone Soup version 0.22-a0-443-g17c3723 (webtiles) character file.

279 iamserjio the Chopper (level 6, -5/63 HPs)
             Began as an Ogre Gladiator on May 31, 2018.
             Was an Initiate of Okawaru.
             Slain by an ice beast (12 damage)
             ... on level 4 of the Dungeon.
             The game lasted 00:09:40 (5895 turns).

iamserjio the Chopper (Ogre Gladiator)              Turns: 5895, Time: 00:09:41

Health: -5/63      AC:  4    Str: 19    XL:     6   Next: 26%
Magic:  5/7        EV: 14    Int:  9    God:    Okawaru [......]
Gold:   161        SH:  0    Dex: 12    Spells: 5/5 levels left

rFire    . . .     SeeInvis .   a - +0 war axe
rCold    . . .     Gourm    .   (no shield)
rNeg     . . .     Faith    .   b - +0 robe
rPois    .         Spirit   .   c - +1 hat
rElec    .         Reflect  .   w - scarf {repulsion}
rCorr    .         Harm     .   (gloves unavailable)
MR       .....                  (boots unavailable)
Stlth    +++.......             (no amulet)
HPRegen  0.20/turn              (no ring)
MPRegen  0.10/turn              (no ring)

@: heroism, repel missiles
A: large, unfitting armour, tough skin 1
a: Renounce Religion


You were on level 4 of the Dungeon.
You worshipped Okawaru.
Okawaru was noncommittal.
You were not hungry.

You visited 1 branch of the dungeon, and saw 4 of its levels.

You collected 161 gold pieces.

Inventory:

Hand Weapons
 a - a +0 war axe (weapon)
 u - a +0 blowgun
Missiles
 d - 3 throwing nets
 e - 138 stones
 o - 3 tomahawks
 s - 2 javelins (quivered)
 v - 5 poisoned needles
Armour
 b - a +0 robe (worn)
 c - a +1 hat (worn)
 w - a scarf of repulsion (worn)
Scrolls
 g - a scroll of teleportation
 h - 3 scrolls of remove curse
 i - a scroll of blinking {unknown}
 j - a scroll of enchant weapon {unknown}
 k - a scroll of noise {unknown}
 t - a scroll of identify
Potions
 l - a potion of mutation
 m - a potion of agility {unknown}
 n - a potion of resistance {unknown}
 p - 2 potions of magic {unknown}
 q - 2 potions of heal wounds
Comestibles
 f - 4 rations
 r - a chunk of flesh


   Skills:
 + Level 4.6(9.6) Fighting
 * Level 5.1(10.1) Axes
 - Level 2.0(7.0) Throwing
 + Level 3.6(8.6) Dodging
 + Level 1.9 Invocations


You had 5 spell levels left.
You didn't know any spells.
Your spell library was empty.

Dungeon Overview and Level Annotations

Branches:
Dungeon (4/15)
 Temple: D:4-7

Altars:
Fedhas
Okawaru


Innate Abilities, Weirdness & Mutations

You are too large for most types of armour.
You have tough skin. (AC +1)


Message History

The ice beast hits you. The ice beast freezes you!
You slash the ice beast!
The ice beast is severely wounded.
The ice beast barely misses you.
You barely miss the ice beast.
The ice beast is severely wounded.
The ice beast hits you. The ice beast freezes you!
* * * LOW HITPOINT WARNING * * *
You hit the ice beast.
The ice beast is almost dead.
The ice beast barely misses you.
You hit the ice beast but do no damage.
The ice beast is almost dead.
The ice beast hits you but does no damage.
You closely miss the ice beast.
The ice beast is almost dead.
The ice beast hits you.
* * * LOW HITPOINT WARNING * * *
The ice beast freezes you!
You die...

##.##############.
......Y@..........
##.#######........
#.####### #.# #.#
#.# #.# #.#
#.###########


You could see an ice beast.

Vanquished Creatures
  A scorpion (D:4)
  2 orc priests (D:3)
  3 gnolls
  4 adders
  An ooze (D:1)
  6 worms
  A dart slug (D:1)
  A leopard gecko (D:2)
  5 orcs
  2 ball pythons
  7 bats
  A giant cockroach (D:1)
  7 goblins
  10 hobgoblins
  A quokka (D:2)
  7 frilled lizards
  16 kobolds
  A leopard gecko skeleton (D:4)
  6 rats
82 creatures vanquished.

Notes
Turn   | Place    | Note
-------+----------+-------------------------------------------
     0 | D:1      | iamserjio the Ogre Gladiator began the quest for the Orb.
     0 | D:1      | Reached XP level 1. HP: 22/22 MP: 1/1
   344 | D:1      | Reached XP level 2. HP: 29/29 MP: 2/2
   878 | D:1      | Reached XP level 3. HP: 32/37 MP: 3/3
  1850 | D:2      | Reached skill level 4 in Axes
  2195 | D:2      | Reached XP level 4. HP: 40/45 MP: 4/4
  2213 | D:2      | Found a blossoming altar of Fedhas.
  2395 | D:2      | Found an iron altar of Okawaru.
  2412 | D:2      | Became a worshipper of Warmaster Okawaru
  3809 | D:3      | Reached XP level 5. HP: 35/54 MP: 5/5
  4063 | D:3      | Reached skill level 1 in Invocations
  5016 | D:3      | Found a faded altar of an unknown god.
  5569 | D:4      | Reached * piety under Okawaru
  5569 | D:4      | Reached skill level 5 in Axes
  5569 | D:4      | Reached XP level 6. HP: 45/63 MP: 7/7
  5881 | D:4      | Noticed an ice beast
  5895 | D:4      | Slain by an ice beast

Vault maps used:
D:1:      sevenhm_arrival_forest_fort_large_2
D:2:      fedhas_altar_1, lemuel_coloured_pillars_altar, corexii_hall_statues_i,
          skrybe_limestone_x, minmay_misc_feat_more_columns,
          kennysheep_small_spiral
D:3:      chequers_ecumenical_altar_simple_redux
D:4:      lemuel_crystal_altar, kennysheep_little_box, kennysheep_slug_shrine,
          lexackson_kobold_supper

Skill      XL: |  1  2  3  4  5 |
---------------+----------------+-----
Fighting       | 3 4 |  4.6
Dodging        | 3 |  3.6
Axes           | 4 5 |  5.1
Invocations    | 1 |  1.9
Throwing       | |  2.0

Action                   |  1- 3 |  4- 6 || total
-------------------------+-------+-------++-------
Melee: War axe           |    93 |   183 ||   276
Throw: Javelin           |       |     5 ||     5
Invok: Heroism           |       |     1 ||     1
  Use: Scroll            |       |     7 ||     7
  Eat: Chunk             |     4 |     8 ||    12
       Ration            |       |     1 ||     1
Armor: Robe              |    22 |    49 ||    71
Dodge: Dodged            |    49 |   114 ||   163

Table legend:
 A = Spawn XP
 B = Non-spawn XP
 C = Spawn XP percentage of total XP
 D = Spawn monster count
 E = Non-spawn monster count
 F = Spawn count percentage of total count
 G = Total turns spent on level
                    A         B        C        D         E        F      G
               +---------+---------+-------+---------+---------+-------+---------
         Total |       0 |     399 |   0.0 |       0 |      82 |   0.0 |  5895
               +---------+---------+-------+---------+---------+-------+---------
           D:1 |       0 |      72 |   0.0 |       0 |      29 |   0.0 |  2194
           D:2 |       0 |      82 |   0.0 |       0 |      23 |   0.0 |  2117
           D:3 |       0 |     164 |   0.0 |       0 |      26 |   0.0 |  1230
           D:4 |       0 |      81 |   0.0 |       0 |       4 |   0.0 |   354
               +---------+---------+-------+---------+---------+-------+---------
